 Dungeon Sprint DCSS version 0.23-a0-270-gab6feb3 (webtiles) character file.

840 Felrender the Zephyrmancer (level 7, -11/56 HPs)
             Began as a White Draconian Air Elementalist on Oct 1, 2018.
             Was a Follower of Vehumet.
             Mangled by a troll (12 damage)
             ... in the Dungeon (Sprint IX: "|||||||||||||||||||||||||||||").
             The game lasted 00:03:43 (565 turns).

Felrender the Zephyrmancer (DrAE)                    Turns: 565, Time: 00:03:45

Health: -11/56     AC:  6    Str: 10    XL:     7   Next: 67%
Magic:  1/18       EV: 15    Int: 17    God:    Vehumet [*.....]
Gold:   0          SH:  0    Dex: 12    Spells: 11/21 levels left

rFire    . . .     SeeInvis .   m - +2 scimitar (flame)
rCold    + . .     Gourm    .   (no shield)
rNeg     . . .     Faith    .   (armour unavailable)
rPois    .         Spirit   .   (helmet restricted)
rElec    .         Reflect  .   (no cloak)
rCorr    .         Harm     .   (no gloves)
MR       .....     NoTele   +   (no boots)
Stlth    ++........             (no amulet)
HPRegen  0.18/turn              (no ring)
MPRegen  0.16/turn              (no ring)

@: sluggish, short of breath, very slow
A: breathe frost, unfitting armour, cold resistance 1, cold-blooded, AC +6
a: Breathe Frost, Renounce Religion


You were in the Dungeon.
You worshipped Vehumet.
Vehumet was aware of your devotion.
You were not hungry.

You visited 1 branch

Inventory:

Hand Weapons
 a - a +0 club
 m - a +2 scimitar of flaming (weapon)
Armour
 n - a +0 pair of gloves
 o - a +0 cloak
Magical Staves
 l - an uncursed staff of energy
Jewellery
 q - a +3 ring of dexterity
 r - a +2 ring of protection
Wands
 k - a wand of iceblast (10)
Scrolls
 h - 2 scrolls of blinking
 i - 3 scrolls of remove curse
 j - 2 scrolls of amnesia
Potions
 c - 2 potions of magic
 d - a potion of invisibility
 e - 2 potions of heal wounds
 f - 4 potions of curing
 g - a potion of berserk rage
Comestibles
 b - a ration


   Skills:
 + Level 2.7 Fighting
 + Level 5.1 Long Blades
 + Level 6.0 Dodging
 + Level 4.1 Stealth
 + Level 1.2 Unarmed Combat
 + Level 7.6 Spellcasting
 + Level 4.9 Conjurations
 + Level 10.7 Air Magic


You had 11 spell levels left.
You knew the following spells:

 Your Spells              Type           Power        Failure   Level  Hunger
a - Shock                 Conj/Air       ####         1%          1    None
b - Airstrike             Air            #####.....   1%          4    ####...
c - Static Discharge      Conj/Air       ####....     1%          3    ##.....
d - Swiftness             Chrm/Air       ###.....     1%          2    None

Your spell library contained the following spells:

 Spells                   Type           Power        Failure   Level  Hunger
 Flame Tongue             Conj/Fire      ##...        4%          1    None
 Lightning Bolt           Conj/Air       ####......   12%         5    #####..


Dungeon Overview and Level Annotations

Branches:
Dungeon (1/1)

Altars:
Cheibriados
Dithmenos
Elyvilon
Fedhas
Gozag
Hepliaklqana
Kikubaaqudgha
Makhleb
Nemelex Xobeh
Okawaru
Qazlal
Ru
Sif Muna
Trog
Uskayaw
Vehumet
Wu Jian
Xom
Yredelemnul
Zin
The Shining One
Beogh
Jiyva
Lugonu


Innate Abilities, Weirdness & Mutations

You can breathe waves of freezing cold.
You can buffet flying creatures when you breathe cold.
Your icy white scales are hard. (AC +6)
You cannot fit into any form of body armour.
Your flesh is cold resistant. (rC+)
You are cold-blooded and may be slowed by cold attacks.


Message History

You feel somewhat more hungry. The troll misses you.
You riposte.
You barely miss the troll.
You tail-slap the troll, but do no damage.
The troll is lightly wounded.
The troll claws you.
* * * LOW HITPOINT WARNING * * *
The troll barely misses you.
Casting: Static Discharge (safe; 1% risk of failure)
Confirm with . or Enter, or press ? or * to list all spells.
You don't know that spell.
Casting: Static Discharge (safe; 1% risk of failure)
Confirm with . or Enter, or press ? or * to list all spells.
Okay, then.
You slash the troll! You burn the troll.
You tail-slap the troll, but do no damage.
The troll is severely wounded.
The troll bites you!
* * * LOW HITPOINT WARNING * * *
The troll claws you!
You die...

▓.▓
▓.▓
▓.▓
▓)▓
▓.▓
▓.▓
▓.▓
▓.▓
▓@▓
▓T▓
▓5▓
▓.▓
▓.▓
▓.▓
▓.▓
▓.▓


You could see a troll and a shadow imp.

Vanquished Creatures
  A two-headed ogre (D)
  A sky beast (D)
  A crimson imp (D)
  2 hounds (D)
  A worker ant (D)
  An adder (D)
  A shadow imp (D)
  A leopard gecko (D)
  A bat skeleton (D)
  A hobgoblin (D)
  A kobold (D)
  A bat (D)
  A rat (D)
14 creatures vanquished.

Notes
Turn   | Place    | Note
-------+----------+-------------------------------------------
     0 | D        | Felrender the Draconian Air Elementalist began the quest
                  | for the Orb.
     0 | D        | Reached XP level 1. HP: 14/14 MP: 3/3
    13 | D        | Reached skill level 4 in Air Magic
   204 | D        | Noticed a worker ant
   204 | D        | Noticed a crimson imp
   204 | D        | Noticed a hound
   212 | D        | Reached XP level 2. HP: 17/20 MP: 4/6
   215 | D        | Reached skill level 5 in Air Magic
   215 | D        | Reached XP level 3. HP: 19/26 MP: 1/7
   223 | D        | Reached skill level 6 in Air Magic
   223 | D        | Reached XP level 4. HP: 16/34 MP: 3/10
   240 | D        | Learned a level 4 spell: Airstrike
   244 | D        | Learned a level 3 spell: Static Discharge
   454 | D        | Found a roughly hewn altar of Beogh.
   454 | D        | Found a snail-covered altar of Cheibriados.
   454 | D        | Found a shadowy altar of Dithmenos.
   454 | D        | Found a white marble altar of Elyvilon.
   454 | D        | Found a blossoming altar of Fedhas.
   454 | D        | Found an opulent altar of Gozag.
   455 | D        | Found a hazy altar of Hepliaklqana.
   456 | D        | Found a viscous altar of Jiyva.
   457 | D        | Found an ancient bone altar of Kikubaaqudgha.
   458 | D        | Found a corrupted altar of Lugonu.
   459 | D        | Found a burning altar of Makhleb.
   460 | D        | Found a sparkling altar of Nemelex Xobeh.
   461 | D        | Found an iron altar of Okawaru.
   462 | D        | Found a stormy altar of Qazlal.
   463 | D        | Found a sacrificial altar of Ru.
   464 | D        | Found a deep blue altar of Sif Muna.
   465 | D        | Found a bloodstained altar of Trog.
   466 | D        | Found a hide-covered altar of Uskayaw.
   467 | D        | Found a radiant altar of Vehumet.
   468 | D        | Found an ornate altar of the Wu Jian Council.
   469 | D        | Found a shimmering altar of Xom.
   470 | D        | Found a basalt altar of Yredelemnul.
   471 | D        | Found a glowing silver altar of Zin.
   472 | D        | Found a glowing golden altar of the Shining One.
   503 | D        | Became a worshipper of Vehumet
   507 | D        | Learned a level 2 spell: Swiftness
   540 | D        | Noticed a sky beast
   540 | D        | Noticed a two-headed ogre
   540 | D        | Noticed a troll
   547 | D        | Reached skill level 7 in Air Magic
   547 | D        | Reached XP level 5. HP: 39/39 MP: 2/12
   560 | D        | Killed a sky beast
   560 | D        | Reached * piety under Vehumet
   560 | D        | Offered knowledge of Flame Tongue by Vehumet.
   560 | D        | Reached skill level 1 in Fighting
   560 | D        | Reached skill level 5 in Spellcasting
   560 | D        | Reached skill level 8 in Air Magic
   563 | D        | Killed a two-headed ogre
   563 | D        | Reached skill level 5 in Long Blades
   563 | D        | Reached skill level 1 in Unarmed Combat
   563 | D        | Reached skill level 10 in Air Magic
   563 | D        | Reached XP level 6. HP: 17/50 MP: 0/16
   563 | D        | Your scales start taking on an icy white colour.
   563 | D        | Reached XP level 7. HP: 19/56 MP: 0/18
   563 | D        | Gained mutation: Your flesh is cold resistant. (rC+) [White
                  | Draconian growth]
   565 | D        | HP: 1/56 [troll (13)]
   565 | D        | Mangled by a troll

Vault maps used:
D:        linesprint

Skill      XL: |  1  2  3  4  5 |
---------------+----------------+-----
Dodging        | 2 3 6 |  6.0
Air Magic      | 4 5 6 7 10 | 10.7
Stealth        | 2 3 4 |  4.1
Spellcasting   | 3 4 7 |  7.6
Conjurations   | 2 4 |  4.9
Fighting       | 2 |  2.7
Long Blades    | 5 |  5.1
Unarmed Combat | 1 |  1.2

Action                   |  1- 3 |  4- 6 |  7- 9 || total
-------------------------+-------+-------+-------++-------
Melee: Unarmed           |     7 |       |       ||     7
       Scimitar          |       |    15 |     1 ||    16
       Tailslap          |       |     2 |     2 ||     4
 Cast: Shock             |    15 |     8 |       ||    23
       Airstrike         |       |     1 |       ||     1
       Swiftness         |       |     1 |       ||     1
       Static Discharge  |       |     1 |       ||     1
 Abil: Breathe Frost     |       |       |     1 ||     1
  Use: Potion            |     5 |       |       ||     5
Armor: Skin              |     4 |     9 |       ||    13
Dodge: Dodged            |    16 |    16 |     2 ||    34
       Rpst.: Scimitar   |       |     5 |     1 ||     6

Table legend:
 A = Non-vault XP
 B = Vault XP
 C = Vault XP percentage of total XP
 D = Non-vault monster count
 E = Vault monster count
 F = Vault count percentage of total count
                 A         B        C        D         E       F
            +---------+---------+-------+---------+---------+-------
      Total |       0 |    1201 | 100.0 |       0 |      14 | 100.0
            +---------+---------+-------+---------+---------+-------
          D |       0 |    1201 | 100.0 |       0 |      14 | 100.0
            +---------+---------+-------+---------+---------+-------
